 Dungeon Crawl Stone Soup version 0.20.0-10-g0535bb4 (webtiles) character file.

96 Gorglomux the Sneak (level 4, -4/33 HPs)
             Began as a Vampire Assassin on June 4, 2017.
             Splashed by a jelly's acid (8 damage)
             ... on level 3 of the Dungeon.
             The game lasted 00:01:15 (1882 turns).

Gorglomux the Sneak (Vampire Assassin)              Turns: 1882, Time: 00:01:16

Health: -4/33      AC: -3    Str: 10    XL:     4   Next: 41%
Magic:  4/4        EV: 11    Int: 13    God:
Gold:   82         SH:  4    Dex: 16    Spells: 3/3 levels left

rFire    . . .     SeeInvis +   a - +3 dagger
rCold    + . .     Gourm    .   (no shield)
rNeg     + + +     Faith    .   I - +0 leather armour (curse)
rPois    +         Spirit   .   (no helmet)
rElec    .         Reflect  +   D - +0 cloak
rCorr    .         Harm     .   H - +0 pair of gloves
MR       .....                  (no boots)
Stlth    +++++.....             t - +4 amulet of reflection
Regen    0.1/turn               (no ring)
MPRegen  0.1/turn               v - ring of positive energy

@: corroded, regenerating slowly
A: fangs 3, see invisible, unbreathing
a: Bat Form


You were on level 3 of the Dungeon.
You were thirsty.

You visited 1 branch of the dungeon, and saw 3 of its levels.

You collected 82 gold pieces.

Inventory:

Hand Weapons
 a - a +3 dagger (weapon)
 q - a +0 blowgun
Missiles
 e - 18 poisoned needles
 f - 2 curare-tipped needles
Armour
 c - a +0 robe
 s - a +0 cloak
 D - a +0 cloak (worn)
 H - a +0 pair of gloves (worn)
 I - a cursed +0 leather armour (worn)
Jewellery
 t - a +4 amulet of reflection (around neck)
 v - a ring of positive energy (right hand)
Wands
 C - a wand of confusion (15/48)
Scrolls
 x - a scroll of enchant weapon
 y - a scroll of teleportation {unknown}
 A - a scroll of magic mapping {unknown}
 E - a scroll of enchant armour {unknown}
Potions
 d - 14 potions of blood
 r - 2 potions of mutation {unknown}
 u - a potion of might {unknown}
 w - 3 potions of curing {unknown}
 z - 2 potions of ambrosia {unknown}
 F - a potion of heal wounds {unknown}
 G - a potion of agility {unknown}


   Skills:
 - Level 1.7 Fighting
 + Level 3.8 Short Blades
 - Level 1.5 Throwing
 - Level 1.1 Dodging
 + Level 7.7 Stealth


You had 3 spell levels left.
You didn't know any spells.

Dungeon Overview and Level Annotations

Branches:
Dungeon (3/15)

Altars:
Nemelex Xobeh


Innate Abilities, Weirdness & Mutations

You heal slowly.
You have razor-sharp teeth.
You have supernaturally acute eyesight. (SInv)
You can survive without breathing.


Message History

You open the door. 2 oozes and a jelly come into view.
The jelly quivers.
Found a goblin skeleton.
You hit the jelly.
Your hands burn!
The jelly is lightly wounded.
The jelly hits you but does no damage.
You hit the jelly.
Your hands burn!
The jelly is moderately wounded.
You hit the jelly.
Your hands burn!
The jelly is heavily wounded.
The jelly hits you. The acid corrodes you!
You are splashed with acid!
The acid burns!
You hit the jelly. The acid corrodes you!
Your hands burn!
* * * LOW HITPOINT WARNING * * *
The jelly is heavily wounded.
The jelly hits you.
* * * LOW HITPOINT WARNING * * *
You are splashed with acid!
The acid burns!
You die...

##.....## ######
#.......# #.....
#.....(.# #...####
#...)...##...... ##
#.......###.###.##.
#....#### #. .###
#((..'..### .# #
########.# #.#
#@.....## #.#
#J####### ####. #
#.P ..#. ##


#JP #..##. #.. #.#.. #.. #... #J. #<.. #รท. ##... ##.#.. You could see a jelly
and 2 oozes.

Vanquished Creatures
  Crazy Yiuf (D:2)
  Jessica (D:2)
  2 worms (D:2)
  A dart slug (D:2)
  2 leopard geckos (D:2)
  2 giant cockroaches
  5 goblins
  2 hobgoblins
  8 kobolds
  A ball python (D:2)
  3 bats
  2 frilled lizards (D:2)
  3 rats
33 creatures vanquished.

Vanquished Creatures (others)
  10 toadstools (D:3)
10 creatures vanquished.

Grand Total: 43 creatures vanquished

Notes
Turn   | Place    | Note
-------+----------+-------------------------------------------
     0 | D:1      | Gorglomux the Vampire Assassin began the quest for the Orb.
     0 | D:1      | Reached XP level 1. HP: 16/16 MP: 1/1
    77 | D:1      | Reached skill level 6 in Stealth
   531 | D:1      | Reached XP level 2. HP: 21/22 MP: 2/2
   766 | D:2      | Found a faded altar of an unknown god.
   878 | D:2      | Noticed Jessica
   886 | D:2      | Killed Jessica
   886 | D:2      | Reached skill level 3 in Short Blades
   886 | D:2      | Reached skill level 7 in Stealth
   886 | D:2      | Reached XP level 3. HP: 27/27 MP: 3/3
  1061 | D:2      | Found a runed door.
  1081 | D:2      | Found a sparkling altar of Nemelex Xobeh.
  1511 | D:2      | Noticed Crazy Yiuf
  1515 | D:2      | Killed Crazy Yiuf
  1515 | D:2      | Reached XP level 4. HP: 33/33 MP: 4/4
  1882 | D:3      | Splashed by a jelly's acid

Skill      XL: |  1  2 |
---------------+-------+-----
Stealth        | 6 7 |  7.7
Short Blades   | 3 |  3.8
Fighting       | |  1.7
Throwing       | |  1.5
Dodging        | |  1.1

Action                   |  1- 3 |  4- 6 || total
-------------------------+-------+-------++-------
Melee: Dagger            |    57 |    12 ||    69
       Bite              |     1 |     1 ||     2
  Use: Scroll            |       |     1 ||     1
       Potion            |       |     1 ||     1
 Stab: Sleeping          |    11 |     3 ||    14
Armor: Robe              |     8 |       ||     8
       Leather armour    |       |     2 ||     2
Dodge: Dodged            |    24 |     1 ||    25
Block: Other             |       |     3 ||     3
       Reflection        |       |     1 ||     1
